 Dungeon Crawl Stone Soup version 0.31.0-12-g77e489cdc1 (webtiles) character file.

Game seed: 13028077690914092190

84 boopmooplesden the Covered (level 4, 0/60 HPs)
             Began as a Minotaur Fighter on Feb 11, 2024.
             Succumbed to Terence's poison
             ... on level 2 of the Dungeon.
             The game lasted 00:01:41 (802 turns).

boopmooplesden the Covered (Minotaur Fighter)        Turns: 802, Time: 00:01:42

Health: 0/60       AC:  7    Str: 22    XL:     4   Next: 23%
Magic:  3/3        EV:  9    Int:  5    God:
Gold:   73         SH:  4    Dex: 10    Spells: 3/3 levels left

rFire   . . .        a - +0 war axe
rCold   . . .        c - +0 buckler
rNeg    . . .        b - +0 scale mail
rPois   .            (helmet restricted)
rElec   .            (no cloak)
rCorr   .            (no gloves)
SInv    .            (no boots)
Will    .....        (no amulet) Stlth
                     (no ring)
HPRegen 0.30/turn    (no ring)
MPRegen 0.08/turn

%: no passive effects
@: berserking, lethally poisoned (0 -> -14), very quick
A: horns 2, retaliatory headbutt
a: no special abilities


You were on level 2 of the Dungeon.
You visited 1 branch of the dungeon, and saw 2 of its levels.

You collected 73 gold pieces.

Inventory:

Hand Weapons
 a - a +0 war axe (weapon)
Armour
 b - a +0 scale mail (worn)
 c - a +0 buckler (worn)
Jewellery
 i - an amulet of the acrobat
Scrolls
 e - a scroll of amnesia {unknown}
 f - a scroll of identify
 j - a scroll of teleportation {unknown}
Potions
 d - a potion of might
 h - a potion of invisibility {unknown}


   Skills:
 + Level 4.0 Fighting
 + Level 3.9 Axes
 + Level 4.2 Armour
 + Level 1.0 Dodging
 + Level 4.1 Shields


You had 3 spell levels left.
You didn't know any spells.
Your spell library was empty.

Dungeon Overview and Level Annotations

Branches:
Dungeon (2/15)

Altars:


Innate Abilities, Weirdness & Mutations

You have a pair of horns on your head.
You reflexively headbutt those who attack you in melee.


Message History

Terence is lightly wounded.
Terence hits you with a +2 short sword of venom!
You hit Terence.
Terence is moderately wounded.
Terence hits you but does no damage.
You are poisoned.
Terence misses you.
You hit Terence but do no damage. You headbutt Terence.
Terence is heavily wounded.
You feel sick.
Terence hits you with a +2 short sword of venom.
You are more poisoned.
You barely miss Terence. Your headbutt misses Terence.
Terence is heavily wounded.
You feel very sick. Terence hits you but does no damage.
You are lethally poisoned!
You hit Terence.
Terence is severely wounded.
You feel very sick.
Terence bares his teeth.
Terence hits you with a +2 short sword of venom.
You are more poisoned.
You block Terence's attack.
You slash Terence!
You kill Terence!
* * * LOW HITPOINT WARNING * * *
You feel extremely sick.
The giant cockroach bites you but does no damage.
You have reached level 4!
You feel agile.
It was a potion of berserk rage.
A red film seems to cover your vision as you go berserk!
You feel yourself moving faster!
You feel mighty!
* * * LOW HITPOINT WARNING * * *
You feel very sick. You block the giant cockroach's attack.
You are too berserk!
You feel a strong urge to attack something.
You die...

. .# ###### .# #....# .#
#....# .########....# .#
.......)#....#######...##
...†............@.B......
........############.....
.######## .## .# .# .###
...### ##...# #...##


You could see a giant cockroach.

Vanquished Creatures
  Terence (D:2)
  An adder (D:2)
  2 ribbon worms (D:2)
  A dart slug (D:1)
  6 ball pythons
  4 endoplasms
  5 goblins
  4 hobgoblins
  4 kobolds
  A quokka (D:1)
  5 bats
  3 frilled lizards (D:1)
  2 rats (D:1)
39 creatures vanquished.

Notes
Turn   | Place    | Note
-------+----------+-------------------------------------------
     0 | D:1      | boopmooplesden the Minotaur Fighter began the quest for the
                  | Orb.
     0 | D:1      | Reached XP level 1. HP: 19/19 MP: 0/0
    68 | D:1      | Reached XP level 2. HP: 20/27 MP: 1/1
   446 | D:1      | Reached XP level 3. HP: 33/33 MP: 2/2
   757 | D:2      | Reached skill level 1 in Dodging
   791 | D:2      | Noticed Terence
   800 | D:2      | Killed Terence
   801 | D:2      | Reached XP level 4. HP: 4/40 MP: 3/3
   801 | D:2      | HP: 2/60 [poisoned by Terence]
   802 | D:2      | Succumbed to Terence's poison

Illustrated notes

Levels and vault maps discovered:
D:1:      wander_arrival_chamber, layout_basic
D:2:      layout_basic, uniq_crazy_yiuf_cottage, uniq_terence

Skill      XL: |  1  2  3 |
---------------+----------+-----
Shields        | 4 |  4.1
Armour         | 4 |  4.2
Axes           | 3 |  3.9
Fighting       | 4 |  4.0
Dodging        | 1 |  1.0

Action                     |  1- 3 |  4- 6 || total
---------------------------+-------+-------++-------
  Melee: War axe           |    83 |       ||    83
         Headbutt          |     8 |       ||     8
    Use: Scroll            |     2 |       ||     2
         Potion            |       |     1 ||     1
 Armour: Scale mail        |    80 |       ||    80
  Dodge: Dodged            |    49 |       ||    49
  Block: Buckler           |    21 |     1 ||    22
